 Dungeon Crawl Stone Soup version 0.17-a0-1311-gbcbd859 (webtiles) character file.

35 Zwobot the Skirmisher (level 3, 0/29 HPs)
             Began as a Demonspawn Abyssal Knight on June 8, 2015.
             Was a Follower of Lugonu.
             Slain by Crazy Yiuf
             ... wielding a +4 quarterstaff of chaos
              (1 damage)
             ... on level 2 of the Dungeon.
             The game lasted 00:03:42 (1640 turns).

Zwobot the Skirmisher (Demonspawn Abyssal Knight)   Turns: 1640, Time: 00:03:42

Health: 0/29       AC:  6    Str: 13    XL:     3   Next: 16%
Magic:  4/4        EV: 14    Int: 13    God:    Lugonu [*.....]
Gold:   73         SH:  0    Dex: 17    Spells: 0 memorised, 2 levels left

rFire  + . .     SeeInvis .     a - +1 mace
rCold  . . .     Clarity  .     l - +0 scale mail
rNeg   . . .     SustAt   .     (no shield)
rPois  .         Gourm    .     (no helmet)
rElec  .         Spirit   .     (no cloak)
rCorr  .         Warding  .     (no gloves)
rMut   .         Stasis   .     (no boots)
MR     +....                    d - amulet of regeneration
Stlth  +.........               (no ring)
                                e - ring of protection from magic

@: agile, somewhat resistant to hostile enchantments, very unstealthy
A: fire resistance 1, flame cloud immunity
a: Depart the Abyss, Renounce Religion


You were on level 2 of the Dungeon.
You worshipped Lugonu.
Lugonu was aware of your devotion.
You were not hungry.

You visited 1 branch of the dungeon, and saw 2 of its levels.
You visited the Abyss 1 time.

You collected 73 gold pieces.

Inventory:

Hand weapons
 a - a +1 mace (weapon)
Missiles
 j - 68 stones (quivered)
Armour
 b - a +0 leather armour
 l - a +0 scale mail (worn)
Jewellery
 d - an amulet of regeneration (around neck)
 e - a ring of protection from magic (left hand)
Comestibles
 c - a bread ration {@e1}
 n - 7 chunks of flesh {@w0}


   Skills:
 - Level 3.3 Fighting
 + Level 2.7 Maces & Flails
 - Level 2.0 Armour
 - Level 0.8 Dodging
 - Level 2.6 Invocations


You had 2 spell levels left.
You didn't know any spells.

Dungeon Overview and Level Annotations

Branches:
Dungeon (2/15)

Altars:

Annotations:
D:2 Crazy Yiuf


Innate Abilities, Weirdness & Mutations

Your flesh is heat resistant.
You are immune to clouds of flame.


Message History

You closely miss Crazy Yiuf.
Crazy Yiuf cries, "Proton!
Paint head seventy."
Crazy Yiuf hits you with a quarterstaff of chaos!
You take 7 damage, and have 20/29 hp.
MASSIVE DAMAGE!!
You hit Crazy Yiuf.
Crazy Yiuf hits you with a quarterstaff of chaos!
You take 8 damage, and have 12/29 hp.
MASSIVE DAMAGE!!
You barely miss Crazy Yiuf.
Crazy Yiuf hits you with a quarterstaff of chaos.
You take 3 damage, and have 9/29 hp.
You sock Crazy Yiuf!
Crazy Yiuf yells, "Gum song disdain!"
Crazy Yiuf hits you with a quarterstaff of chaos.
* * * LOW HITPOINT WARNING * * *
x2 You take 3 damage, and have 6/29 hp.
You hit Crazy Yiuf.
Crazy Yiuf hits you with a quarterstaff of chaos.
* * * LOW HITPOINT WARNING * * *
Crazy Yiuf burns you.
You die...

.######## ..##....#
...#....# ...#....##
#..#.....######
#.#...........#
#...........#.#
#.###.......รท.###### #.#
###.......(g@..## . ..#
#.......##.#..#####..##
...
........[...............#
#.
...#.......###.....##.....
#...#.......# #.....# ...
#.. #.......# ##....# .
#.. ##.....## #......
.#...## #........
#....##....


You could see Crazy Yiuf.

Vanquished Creatures
  A worm (D:2)
  A giant gecko (D:1)
  2 giant cockroaches (D:1)
  4 goblins (D:1)
  3 hobgoblins (D:1)
  5 jackals (D:1)
  4 bats
  5 giant newts (D:1)
  3 kobolds (D:1)
  2 rats
30 creatures vanquished.

Notes
Turn   | Place    | Note
--------------------------------------------------------------
     0 | Abyss:1  | Zwobot the Demonspawn Abyssal Knight began the quest for the Orb.
     0 | Abyss:1  | Reached XP level 1. HP: 18/18 MP: 2/2
    10 | Abyss:1  | Noticed a quasit
    20 | D:1      | Escaped the Abyss
   190 | D:1      | Acquired Lugonu's first power
   281 | D:1      | Gained mutation: Your flesh is heat resistant. [demonic ancestry]
   281 | D:1      | Reached XP level 2. HP: 24/24 MP: 3/3
  1428 | D:1      | Gained mutation: You are immune to clouds of flame. [demonic ancestry]
  1428 | D:1      | Reached XP level 3. HP: 29/29 MP: 4/4
  1608 | D:2      | Noticed Crazy Yiuf
  1640 | D:2      | HP: 1/29 [Crazy Yiuf/quarterstaff of chaos (6)]
  1640 | D:2      | Slain by Crazy Yiuf

Vault maps used:
D:1:      scummos_arrival_forest, nrook_uturn
D:2:      nicolae_dithmenos_shadow_blocks, uniq_crazy_yiuf_cottage
Abyss:1:  abyss_greek_temple

Action                   || total
-------------------------++-------
Melee: Mace              ||   127
Throw: Stone             ||     1
Invok: Depart the Abyss  ||     1
  Use: Scroll            ||     4
       Potion            ||     3
  Eat: Chunk             ||     3
